Match 47031511
Unlisted

Match 47031511
End
Vickers Machine Gun Team
Construct Section Command Post
Infantry Section
Dingo Light Scout Car
Construct Field Infirmary
Selects Air and Sea Battlegroup
Selects Supply Surplus
Construct Resource Cache
Construct Resource Cache
Infantry Section
Construct Platoon Command Post
6-pounder Anti-tank Gun Team
Infantry Training
Construct Company Command Post
Selects UNKNOWN (223837)
Matilda II Heavy Tank
Infantry Section
Vickers Machine Gun Team
Dar
GotSkilla
Sad Pepe
gio_misro
0
0

Comments sign in to comment!

No comments posted yet!